 Dungeon Crawl Stone Soup version 0.29.1-12-g30fa7ad0bf (webtiles) character file.

Game seed: 9034626536645809144

3619 croobank the Caller (level 9, -1/74 HPs)
             Began as a Demigod Summoner on Dec 22, 2022.
             Slain by a wolf (7 damage)
             ... led by Grum
             ... on level 8 of the Dungeon.
             The game lasted 01:32:35 (8991 turns).

croobank the Caller (Demigod Summoner)              Turns: 8991, Time: 01:32:35

Health: -1/74      AC:  5    Str: 12    XL:     9   Next: 56%
Magic:  20/20      EV: 13    Int: 31    God:
Gold:   360        SH:  5    Dex: 14    Spells: 8/17 levels left

rFire   . . .      SeeInvis .   E - +4 halberd "Foenoph" {spect, Fragile Fly Str+3 Int+2}
rCold   . . .      Faith    .   (shield currently unavailable)
rNeg    . . .      Spirit   .   F - +0 leather armour {rPois}
rPois   +          Reflect  +   (no helmet)
rElec   .          Harm     .   (no cloak)
rCorr   .          Rampage  .   B - +0 pair of gloves
Will    +....                   w - +0 pair of boots
Stlth   +++.......              s - amulet of reflection
HPRegen 0.22/turn               I - ring of willpower
MPRegen 0.17/turn               (no ring)

@: flying
A: high MP 1, forlorn, divine attributes
a: no special abilities


You were on level 8 of the Dungeon.
You visited 1 branch of the dungeon, and saw 8 of its levels.

You collected 360 gold pieces.

Inventory:

Hand Weapons
 d - a +0 whip of distortion
 e - a +3 dagger of draining
 i - a +1 short sword of protection
 y - a +0 war axe
 E - the +4 halberd "Foenoph" (weapon) {spect, Fragile Fly Str+3 Int+2}
   (You found it on level 5 of the Dungeon)

   When its wielder attacks, the weapon's spirit leaps out and strikes again.
   The spirit shares a part of any damage it takes with its wielder.
   Str:       It affects your strength (+3).
   Int:       It affects your intelligence (+2).
   Fly:       It grants you flight.
   Fragile:   It will be destroyed if unequipped.
 K - a +5 scimitar
Missiles
 j - 12 poisoned darts
 q - a throwing net (quivered)
 A - 3 curare-tipped darts
Armour
 a - a +1 robe
 g - a +0 ring mail
 r - a +1 buckler
 w - a +0 pair of boots (worn)
 B - a +0 pair of gloves (worn)
 F - a +0 leather armour of poison resistance (worn)
Jewellery
 h - a ring of ice
 s - an amulet of reflection (around neck)
 D - an amulet of the acrobat
 I - a ring of willpower (left hand)
 J - a ring of flight
Wands
 x - a wand of acid (1)
 N - a wand of roots (4)
Scrolls
 l - a scroll of silence
 n - a scroll of poison
 t - a scroll of magic mapping
 v - 2 scrolls of brand weapon
 z - 4 scrolls of teleportation
 C - 2 scrolls of amnesia
 G - 3 scrolls of identify
 L - a scroll of enchant armour
Potions
 b - 2 potions of magic
 c - 2 potions of brilliance
 f - 7 potions of curing
 k - 3 potions of might
 m - 2 potions of heal wounds
 o - a potion of mutation
 p - 3 potions of flight
 u - 3 potions of attraction
 H - a potion of lignification


   Skills:
 + Level 5.0 Fighting
 + Level 5.3 Dodging
 + Level 5.8 Stealth
 + Level 4.9 Spellcasting
 + Level 4.0 Hexes
 + Level 6.3 Summonings
 + Level 4.1 Evocations


You had 8 spell levels left.
You knew the following spells:

 Your Spells              Type           Power      Damage    Failure   Level
a - Summon Small Mammal   Summ           100%       N/A       1%          1
b - Call Imp              Summ           46%        N/A       1%          2
c - Call Canine Familiar  Summ           46%        N/A       1%          3
d - Summon Guardian Gole  Hex/Summ       39%        N/A       2%          3

Your spell library contained the following spells:

 Spells                   Type           Power      Damage    Failure   Level
 Summon Lightning Spire   Summ/Air       27%        N/A       19%         4


Dungeon Overview and Level Annotations

Branches:
Dungeon (8/15)             Temple (0/1) D:5
   Lair: D:8-11

Annotations:
D:3 2 transporters, Morynth's ghost, amateur MfMo
D:8 Grum


Innate Abilities, Weirdness & Mutations

You have an increased reservoir of magic. (+10% MP)
You shall have no god before yourself.
Your divine heritage dramatically boosts your attributes as you level up.


Message History

Grum is lightly wounded.
Your +4 halberd "Foenoph" {spect, Fragile Fly Str+3 Int+2} hits Grum from afar!
Grum closely misses your +4 halberd "Foenoph" {spect, Fragile Fly Str+3 Int+2}.
Reach: E) +4 halberd "Foenoph" {spect, Fragile Fly Str+3 Int+2}
Press: ? - help, Dir - move target, f/p - Grum
Aim: Grum, wielding a +0 glaive and wearing a +0 animal skin (heavily wounded, not watching you, about 37% to evade the +4 halberd "Foenoph")
You reach to attack!
You puncture Grum!
Grum is severely wounded.
Your +4 halberd "Foenoph" {spect, Fragile Fly Str+3 Int+2} barely misses Grum.
Grum barely misses you. x2
Reach: E) +4 halberd "Foenoph" {spect, Fragile Fly Str+3 Int+2}
Press: ? - help, Dir - move target, f/p - Grum
Aim: Grum, wielding a +0 glaive and wearing a +0 animal skin (severely wounded, about 37% to evade the +4 halberd "Foenoph")
You reach to attack!
You completely miss Grum.
Grum is severely wounded.
Your +4 halberd "Foenoph" {spect, Fragile Fly Str+3 Int+2} closely misses Grum.
Grum closely misses you.
Reach: E) +4 halberd "Foenoph" {spect, Fragile Fly Str+3 Int+2}
Press: ? - help, Dir - move target, f/p - Grum
Aim: Grum, wielding a +0 glaive and wearing a +0 animal skin (severely wounded, about 37% to evade the +4 halberd "Foenoph")
You could not reach far enough!
Grum barely misses you.
Grum hits you from afar with a +0 glaive!
* * * LOW HITPOINT WARNING * * *
Throw: 2 throwing nets
Press: ? - help, Q - select action, (/) - cycle Shift-Dir - straight line, f/p - Grum
Aim: Grum, wielding a +0 glaive and wearing a +0 animal skin (severely wounded, 64% to hit)
You throw a throwing net. The throwing net hits Grum.
Grum is caught in the net!
Grum is severely wounded.
Grum struggles against the net.
Grum struggles against the net.
Grum struggles against the net.
Grum struggles against the net.
Grum struggles against the net.
The net rips apart, and Grum comes free!
Things that are here:
a +0 dagger; a +0 robe; an orc skeleton You see here a +0 flail.
The wolf bites you!
You die...

## ### ## #.## ###.#
#.# #..# #.... ##..##
#.## #....
#..>.###.)### ##....
#...@h.)..).####.....
#........##.g........
#........#####....)..
#........# ###.....
#.........# ##....
#..........# ##...
#..........# #...
#........... #...
#...........# #...


You could see a wolf.

Vanquished Creatures
  Pikel (D:8)
  A culicivora (shapeshifter) (D:8)
  A water moccasin (D:7)
  A sky beast (D:6)
  3 wolves (D:8)
  A centaur (D:7)
  A phantom (D:7)
  2 bullfrogs (D:8)
  A kobold brigand (D:7)
  A howler monkey (D:4)
  A hound (D:5)
  An orc priest (D:6)
  4 orc wizards
  2 gnolls (D:5)
  An adder (D:4)
  A dart slug (D:2)
  9 orcs
  A ball python (D:4)
  A bat (D:3)
  3 endoplasms
  A giant cockroach (D:4)
  A goblin (D:4)
  2 hobgoblins (D:4)
  A frilled lizard (D:2)
  A kobold (D:2)
  2 rats
45 creatures vanquished.

Vanquished Creatures (collateral kills)
  A yak (D:8)
  An orc warrior (D:8)
  A sky beast (D:7)
  A necrophage (D:5)
  2 scorpions
  2 howler monkeys (D:7)
  4 hounds
  3 orc priests
  An iguana (D:5)
  4 orc wizards
  A gnoll (D:7)
  7 adders
  2 white imps
  2 worms
  A dart slug (D:3)
  22 orcs
  A bat (D:1)
  13 endoplasms
  A giant cockroach (D:3)
  9 goblins
  4 hobgoblins
  6 jackals
  A quokka (D:1)
  7 ball pythons
  A frilled lizard (D:1)
  10 kobolds
  2 rats (D:1)
110 creatures vanquished.

Vanquished Creatures (others)
  A troll (D:6)
  A water moccasin (D:6)
  A black bear (D:6)
  An ice beast (D:6)
  An ogre (D:6)
  A centaur (D:7)
  A lemure (D:8)
  3 wights (D:6)
  A gnoll bouda (D:5)
  3 gnolls
  A plant (D:6)
15 creatures vanquished.

Grand Total: 170 creatures vanquished

Notes
Turn   | Place    | Note
-------+----------+-------------------------------------------
     0 | D:1      | croobank the Demigod Summoner began the quest for the Orb.
     0 | D:1      | Reached XP level 1. HP: 14/14 MP: 5/5
   615 | D:1      | Reached XP level 2. HP: 20/20 MP: 4/7
   618 | D:1      | Learned a level 2 spell: Call Imp
  1620 | D:2      | Reached XP level 3. HP: 26/26 MP: 4/8
  1671 | D:2      | Learned a level 3 spell: Call Canine Familiar
  2004 | D:2      | Reached skill level 4 in Summonings
  2474 | D:3      | Reached skill level 1 in Fighting
  2474 | D:3      | Reached XP level 4. HP: 32/35 MP: 4/10
  2540 | D:3      | Found a transporter.
  3001 | D:3      | Noticed Morynth's ghost (amateur MfMo)
  3183 | D:3      | Found a transporter.
  3415 | D:4      | Reached XP level 5. HP: 41/41 MP: 4/11
  4123 | D:5      | Entered Level 5 of the Dungeon
  4350 | D:5      | Reached XP level 6. HP: 49/49 MP: 13/13
  4354 | D:5      | Learned a level 3 spell: Summon Guardian Golem
  4550 | D:5      | Found a staircase to the Ecumenical Temple.
  4697 | D:5      | Reached skill level 1 in Hexes
  4697 | D:5      | Reached skill level 1 in Evocations
  4778 | D:5      | Identified the +4 halberd "Foenoph" {spect, Fragile Fly
                  | Str+3 Int+2}
  5098 | D:6      | Reached XP level 7. HP: 33/56 MP: 8/15
  5628 | D:6      | Reached skill level 5 in Summonings
  5673 | D:6      | Noticed a troll
  5684 | D:6      | Killed a troll
  5685 | D:6      | Reached XP level 8. HP: 38/63 MP: 10/16
  7293 | D:7      | Reached skill level 5 in Stealth
  7923 | D:7      | Reached XP level 9. HP: 71/71 MP: 15/19
  8179 | D:8      | Noticed Pikel
  8214 | D:8      | Killed Pikel
  8215 | D:8      | Reached skill level 5 in Dodging
  8215 | D:8      | Reached skill level 6 in Summonings
  8569 | D:8      | HP: 1/72 [orc warrior/+0 dire flail of venom (11)]
  8952 | D:8      | Reached skill level 5 in Fighting
  8960 | D:8      | Noticed Grum
  8972 | D:8      | HP: 2/74 [Grum/+0 glaive (10)]
  8991 | D:8      | Slain by a wolf

Illustrated notes

Levels and vault maps discovered:
D:1:      lemuel_arrival_muddy, layout_basic
D:2:      layout_loops_ring
D:3:      layout_rooms, nicolae_uskayaw_suspiria, gammafunk_ghost_stat_death
D:4:      layout_basic
D:5:      layout_gridville, mainiacjoe_overflow_large_starburst,
          minmay_temple_entry_grid
D:6:      cheibrodos_two_vegetables, layout_gridville
D:7:      layout_basic
D:8:      layout_cave_pods, minmay_manual_macuahuitl, uniq_grum, uniq_pikel

Skill      XL: |  1  2  3  4  5  6  7  8  9 |
---------------+----------------------------+-----
Stealth        | 2 3 4 5 |  5.8
Dodging        | 2 3 4 5 |  5.3
Spellcasting   | 2 3 4 |  4.9
Summonings     | 4 5 6 |  6.3
Fighting       | 1 2 3 4 5 |  5.0
Hexes          | 1 2 3 4 |  4.0
Evocations     | 1 2 3 4 |  4.1

Action                   |  1- 3 |  4- 6 |  7- 9 || total
-------------------------+-------+-------+-------++-------
Melee: Dagger            |    14 |    44 |   105 ||   163
       Unarmed           |     2 |       |       ||     2
       Halberd           |       |       |    13 ||    13
Throw: Throwing net      |       |       |     1 ||     1
 Cast: Summon Small Mamm |    44 |    28 |    29 ||   101
       Call Imp          |    15 |    12 |    12 ||    39
       Call Canine Famil |     9 |    21 |    27 ||    57
       Summon Guardian G |       |     1 |    20 ||    21
Evoke: Wand              |       |     2 |       ||     2
  Use: Scroll            |     8 |    10 |     6 ||    24
       Potion            |       |     1 |     1 ||     2
 Stab: Sleeping          |     3 |     1 |     3 ||     7
Armor: Robe              |     4 |    12 |    14 ||    30
       Leather armour    |       |       |    32 ||    32
Dodge: Dodged            |    19 |    28 |    88 ||   135
Block: Buckler           |       |     1 |    46 ||    47
       Other             |       |       |     3 ||     3
       Reflection        |       |       |     1 ||     1
